NCAA
PITTSBURGH PANTHERS @ KENTUCKY WILDCATS
05/10/2028
 
TOP OF THE 1ST
Pittsburgh Panthers batting - Pitching for Kentucky Wildcats : RHP Jorge Bonella
Pitching: RHP Jorge Bonella
Batting: SHB Tim Mullen 0-0: Swinging Strike
0-1: Ball
1-1: Foul Ball, location: 2F
1-2: Ball
2-2: Ball
3-2: Strikes out swinging
Batting: LHB Dave Brown 0-0: Fly out, F7 (Flyball, 7S)
Batting: RHB Henry Cahill 0-0: Fly out, F7 (Flyball, 7LMF)
Top of the 1st over - 0 run(s), 0 hit(s), 0 error(s), 0 left on base; Pittsburgh 0 - Kentucky 0
BOTTOM OF THE 1ST
Kentucky Wildcats batting - Pitching for Pittsburgh Panthers : RHP John O'Neil
Pitching: RHP John O'Neil
Batting: RHB Lewis Childress 0-0: Ball
1-0: Foul Ball, location: 2F
1-1: Ball
2-1: Swinging Strike
2-2: Foul Ball, location: 2F
2-2: Strikes out swinging
Batting: SHB Eduardo Luna 0-0: Called Strike
0-1: Ball
1-1: Called Strike
1-2: Ball
2-2: Ground out U3 (Groundball, 34)
Batting: LHB Mark Sanders 0-0: Called Strike
0-1: Fly out, F7 (Flyball, 7)
Bottom of the 1st over - 0 run(s), 0 hit(s), 0 error(s), 0 left on base; Pittsburgh 0 - Kentucky 0
TOP OF THE 2ND
Pittsburgh Panthers batting - Pitching for Kentucky Wildcats : RHP Jorge Bonella
Batting: LHB Pablo Garza 0-0: Ball
1-0: Called Strike
1-1: Called Strike
1-2: Foul Ball, location: 2F
1-2: Ground out 4-3 (Groundball, 4MD)
Batting: LHB Todd Emery 0-0: Ball
1-0: Ball
2-0: Fly out, F6 (Flyball, 56D)
Batting: RHB Karl Stone 0-0: Ball
1-0: Foul Ball, location: 2F
1-1: Called Strike
1-2: Foul Ball, location: 2F
1-2: Ball
2-2: Ball
3-2: Base on Balls
Batting: RHB Phil Ford 0-0: Called Strike
0-1: Ball
1-1: Fly out, F8 (Flyball, 8LM)
Top of the 2nd over - 0 run(s), 0 hit(s), 0 error(s), 1 left on base; Pittsburgh 0 - Kentucky 0
BOTTOM OF THE 2ND
Kentucky Wildcats batting - Pitching for Pittsburgh Panthers : RHP John O'Neil
Batting: RHB Pat Johnston 0-0: Ball
1-0: Ball
2-0: Ball
3-0: Called Strike
3-1: Base on Balls
Batting: RHB Jacob Burke 0-0: Fielders Choice at 2nd, 5-4 (Groundball, 5L)
Batting: RHB Haywood Young 0-0: Ball
1-0: Foul Ball, location: 2F
1-1: Called Strike
1-2: Foul Ball, location: 2F
1-2: Foul Ball, location: 2F
1-2: Foul Ball, location: 2F
1-2: Foul Ball, location: 2F
1-2: Foul Ball, location: 2F
1-2: Ball
2-2: Fly out, F4 (Popup, 34D)
Batting: LHB Matt Taylor 0-0: Ball
Pickoff Throw to First - Error! E1
Jacob Burke to second
1-0: Foul Ball, location: 2F
1-1: Foul Ball, location: 2F
1-2: Single, Error in OF, E7, batter to second base
Jacob Burke scores
Batting: SHB Russ Beasley 0-0: Ball
1-0: Called Strike
1-1: Fly out, F7 (Flyball, 7)
Bottom of the 2nd over - 1 run(s), 1 hit(s), 2 error(s), 1 left on base; Pittsburgh 0 - Kentucky 1
TOP OF THE 3RD
Pittsburgh Panthers batting - Pitching for Kentucky Wildcats : RHP Jorge Bonella
Batting: LHB Brandon Davis 0-0: Ball
1-0: Foul Ball, location: 2F
1-1: Called Strike
1-2: Ball
2-2: Strikes out swinging
Batting: RHB Richard Cardoza 0-0: Called Strike
0-1: Swinging Strike
0-2: Strikes out swinging
Batting: SHB Tim Mullen 0-0: Called Strike
0-1: Foul Ball, location: 2F
0-2: Ball
1-2: Strikes out swinging
Top of the 3rd over - 0 run(s), 0 hit(s), 0 error(s), 0 left on base; Pittsburgh 0 - Kentucky 1
BOTTOM OF THE 3RD
Kentucky Wildcats batting - Pitching for Pittsburgh Panthers : RHP John O'Neil
Batting: RHB Johnny Carson 0-0: Called Strike
0-1: Ball
1-1: Called Strike
1-2: Ball
2-2: Foul Ball, location: 2F
2-2: Foul Ball, location: 2F
2-2: Ball
3-2: Foul Ball, location: 2F
3-2: Strikes out looking
Batting: RHB Lewis Childress 0-0: Fly out, F8 (Flyball, 8LXD)
Batting: SHB Eduardo Luna 0-0: Ball
1-0: Foul Ball, location: 2F
1-1: Foul Ball, location: 2F
1-2: Ball
2-2: SINGLE (Line Drive, 89S)
Batting: LHB Mark Sanders 0-0: Ball
1-0: Fielders Choice at 2nd, 6-4 (Groundball, 6)
Bottom of the 3rd over - 0 run(s), 1 hit(s), 0 error(s), 0 left on base; Pittsburgh 0 - Kentucky 1
TOP OF THE 4TH
Pittsburgh Panthers batting - Pitching for Kentucky Wildcats : RHP Jorge Bonella
Batting: LHB Dave Brown 0-0: Ball
1-0: SINGLE (Groundball, 6) (infield hit)
Batting: RHB Henry Cahill 0-0: Swinging Strike
0-1: Foul Ball, location: 2F
0-2: 2-RUN HOME RUN (Line Drive, 89XD), Distance : 395 ft
Batting: LHB Pablo Garza 0-0: Called Strike
0-1: Ball
1-1: Ball
2-1: Fly out, F9 (Line Drive, 9LM)
Batting: LHB Todd Emery 0-0: Ball
1-0: Ball
2-0: Ball
3-0: Called Strike
3-1: Foul Ball, location: 2F
3-2: Ground out 4-3 (Groundball, 34)
Batting: RHB Karl Stone 0-0: Called Strike
0-1: Ball
1-1: Ball
2-1: Foul Ball, location: 2F
2-2: Foul Ball, location: 2F
2-2: Ball
3-2: Fly out, F8 (Flyball, 8LS)
Top of the 4th over - 2 run(s), 2 hit(s), 0 error(s), 0 left on base; Pittsburgh 2 - Kentucky 1
BOTTOM OF THE 4TH
Kentucky Wildcats batting - Pitching for Pittsburgh Panthers : RHP John O'Neil
Batting: RHB Pat Johnston 0-0: Called Strike
0-1: Swinging Strike
0-2: Strikes out looking
Batting: RHB Jacob Burke 0-0: Foul Ball, location: 2F
0-1: SINGLE (Flyball, 7S)
Batting: RHB Haywood Young 0-0: Swinging Strike
0-1: Ground out 5-3 (Groundball, 56S)
Jacob Burke to second
Batting: LHB Matt Taylor 0-0: Swinging Strike
0-1: Foul Ball, location: 2F
0-2: Strikes out swinging
Bottom of the 4th over - 0 run(s), 1 hit(s), 0 error(s), 1 left on base; Pittsburgh 2 - Kentucky 1
TOP OF THE 5TH
Pittsburgh Panthers batting - Pitching for Kentucky Wildcats : RHP Jorge Bonella
Batting: RHB Phil Ford 0-0: Called Strike
0-1: Foul Ball, location: 2F
0-2: Ball
1-2: SINGLE (Groundball, 6MD)
Batting: LHB Brandon Davis 0-0: Called Strike
0-1: Foul Ball, location: 2F
0-2: Ball
1-2: Ball
2-2: Fielders Choice at 2nd, 3-6 (Groundball, 3)
Batting: RHB Richard Cardoza 0-0: Ball
1-0: Called Strike
1-1: Called Strike
1-2: Foul Ball, location: 2F
1-2: Strikes out looking
Batting: SHB Tim Mullen 0-0: Ball
1-0: Fly out, F7 (Flyball, 78M)
Top of the 5th over - 0 run(s), 1 hit(s), 0 error(s), 1 left on base; Pittsburgh 2 - Kentucky 1
BOTTOM OF THE 5TH
Kentucky Wildcats batting - Pitching for Pittsburgh Panthers : RHP John O'Neil
Batting: SHB Russ Beasley 0-0: Foul Ball, location: 2F
0-1: Foul Ball, location: 2F
0-2: Ball
1-2: Ball
2-2: Ball
3-2: Fly out, F8 (Flyball, 8LS)
Batting: RHB Johnny Carson 0-0: Ball
1-0: Ball
2-0: Called Strike
2-1: Foul Ball, location: 2F
2-2: Strikes out swinging
Batting: RHB Lewis Childress 0-0: Called Strike
0-1: Foul Ball, location: 2F
0-2: Ball
1-2: Strikes out swinging
Bottom of the 5th over - 0 run(s), 0 hit(s), 0 error(s), 0 left on base; Pittsburgh 2 - Kentucky 1
TOP OF THE 6TH
Pittsburgh Panthers batting - Pitching for Kentucky Wildcats : RHP Jorge Bonella
Batting: LHB Dave Brown 0-0: Ball
1-0: Fly out, F8 (Flyball, 8RS)
Batting: RHB Henry Cahill 0-0: Ball
1-0: Ball
2-0: Foul Ball, location: 2F
2-1: Called Strike
2-2: DOUBLE (Flyball, 89D)
Batting: LHB Pablo Garza 0-0: Intentional Walk
Pitching: LHP Eric O'Gahan
Batting: LHB Todd Emery 0-0: Foul Ball, location: 2F
0-1: Ball
1-1: Ball
2-1: Ball
3-1: Base on Balls
Henry Cahill to third
Pablo Garza to second
Batting: RHB Karl Stone 0-0: Ball
1-0: Swinging Strike
1-1: Ball
2-1: Ball
3-1: Grounds into double play, 5-4-3 (Groundball, 56)
Top of the 6th over - 0 run(s), 1 hit(s), 0 error(s), 2 left on base; Pittsburgh 2 - Kentucky 1
BOTTOM OF THE 6TH
Kentucky Wildcats batting - Pitching for Pittsburgh Panthers : RHP John O'Neil
Batting: SHB Eduardo Luna 0-0: Ball
1-0: Ball
2-0: Ball
3-0: Called Strike
3-1: Ground out 5-3 (Groundball, 5)
Pitching: LHP Russ Maule
Batting: LHB Mark Sanders 0-0: Ball
1-0: Ball
2-0: Ground out 6-3 (Groundball, 6)
Batting: RHB Pat Johnston 0-0: Ground out 6-3 (Groundball, 6D)
Bottom of the 6th over - 0 run(s), 0 hit(s), 0 error(s), 0 left on base; Pittsburgh 2 - Kentucky 1
TOP OF THE 7TH
Pittsburgh Panthers batting - Pitching for Kentucky Wildcats : LHP Eric O'Gahan
Batting: RHB Phil Ford 0-0: Ball
1-0: Ball
2-0: Ground out 6-3 (Groundball, 56)
Batting: LHB Brandon Davis 0-0: Fly out, F4 (Popup, 4D)
Batting: RHB Richard Cardoza 0-0: Ball
1-0: Ball
2-0: Ball
3-0: Base on Balls
Batting: SHB Tim Mullen 0-0: DOUBLE (Line Drive, 9D)
Richard Cardoza to third
Batting: LHB Dave Brown 0-0: Ball
1-0: Called Strike
1-1: Ball
2-1: SINGLE (Groundball, 6MD)
Richard Cardoza scores
Tim Mullen to third
Runner from 3rd tries for Home, throw and OUT!
Top of the 7th over - 1 run(s), 2 hit(s), 0 error(s), 1 left on base; Pittsburgh 3 - Kentucky 1
BOTTOM OF THE 7TH
Kentucky Wildcats batting - Pitching for Pittsburgh Panthers : LHP Russ Maule
Batting: RHB Jacob Burke 0-0: Ball
1-0: Ball
2-0: Ball
3-0: Base on Balls
Batting: RHB Haywood Young 0-0: Ball
1-0: Reached on error, E7 (Flyball, 7)
Jacob Burke to second
Batting: LHB Matt Taylor 0-0: Ball
1-0: Called Strike
1-1: Swinging Strike
1-2: Ball
2-2: Strikes out swinging
Batting: SHB Russ Beasley 0-0: Ball
1-0: Ball
2-0: Ball
3-0: Base on Balls
Jacob Burke to third
Haywood Young to second
Pinch Hitting: SHB Steve Shaw 0-0: Ball
1-0: Called Strike
1-1: Called Strike
1-2: Ball
2-2: Foul Ball, location: 2F
2-2: Strikes out looking
Batting: RHB Lewis Childress 0-0: Called Strike
0-1: Ball
1-1: Called Strike
1-2: Strikes out swinging
Bottom of the 7th over - 0 run(s), 0 hit(s), 1 error(s), 3 left on base; Pittsburgh 3 - Kentucky 1
TOP OF THE 8TH
Pittsburgh Panthers batting - Pitching for Kentucky Wildcats : LHP Eric O'Gahan
Now at C: Steve Shaw
Batting: RHB Henry Cahill 0-0: Ball
1-0: Ball
2-0: Foul Ball, location: 2F
2-1: Swinging Strike
2-2: Ball
3-2: Base on Balls
Batting: LHB Pablo Garza 0-0: Swinging Strike
0-1: Ball
1-1: SINGLE (Groundball, 56D)
Henry Cahill to second
Batting: LHB Todd Emery 0-0: DOUBLE (Line Drive, 89D)
Henry Cahill scores
Pablo Garza to third
Batting: RHB Karl Stone 0-0: Intentional Walk
Pitching: RHP Jeffrey Cochran
Batting: RHB Phil Ford 0-0: Ball
1-0: Ball
2-0: Ball
3-0: Fly out, F8 (Line Drive, 8LS)
Runner from 3rd tags up, SCORES, no throw
Batting: LHB Brandon Davis 0-0: Called Strike
0-1: Ball
1-1: Foul Ball, location: 2F
1-2: Ball
2-2: Foul Ball, location: 2F
2-2: Foul Ball, location: 2F
2-2: Strikes out swinging
Batting: RHB Richard Cardoza 0-0: Foul Ball, location: 2F
0-1: Swinging Strike
0-2: Strikes out swinging
Top of the 8th over - 2 run(s), 2 hit(s), 0 error(s), 2 left on base; Pittsburgh 5 - Kentucky 1
BOTTOM OF THE 8TH
Kentucky Wildcats batting - Pitching for Pittsburgh Panthers : LHP Russ Maule
Batting: SHB Eduardo Luna 0-0: Ball
1-0: Ball
2-0: Ball
3-0: Base on Balls
Batting: LHB Mark Sanders 0-0: Swinging Strike
0-1: Swinging Strike
0-2: Foul Ball, location: 2F
0-2: Foul Ball, location: 2F
0-2: Foul Ball, location: 2F
0-2: Strikes out looking
Batting: RHB Pat Johnston 0-0: Ball
1-0: Fly out, F7 (Line Drive, 7D)
Batting: RHB Jacob Burke 0-0: Called Strike
0-1: Called Strike
0-2: Ball
1-2: Ball
2-2: Foul Ball, location: 2F
2-2: Ball
3-2: Base on Balls
Eduardo Luna to second
Pitching: RHP Jesús Muros
Batting: RHB Haywood Young 0-0: Foul Ball, location: 2F
0-1: Foul Ball, location: 2F
0-2: Ball
1-2: Ball
2-2: Foul Ball, location: 2F
2-2: Strikes out looking
Bottom of the 8th over - 0 run(s), 0 hit(s), 0 error(s), 2 left on base; Pittsburgh 5 - Kentucky 1
TOP OF THE 9TH
Pittsburgh Panthers batting - Pitching for Kentucky Wildcats : RHP Jeffrey Cochran
Batting: SHB Tim Mullen 0-0: SINGLE (Groundball, 25) (infield hit)
Batting: LHB Dave Brown 0-0: Called Strike
0-1: Ball
1-1: Sac Bunt - play at first, batter OUT! 1-3
Tim Mullen to second
Batting: RHB Henry Cahill 0-0: Intentional Walk
Batting: LHB Pablo Garza 0-0: Ball
Henry Cahill steals 2nd base
Tim Mullen to third
1-0: Intentional Walk
Batting: LHB Todd Emery 0-0: Called Strike
0-1: GRAND SLAM HOME RUN (Flyball, 8RXD), Distance : 399 ft
Pitching: RHP Luis Vela
Batting: RHB Karl Stone 0-0: Ball
1-0: Ball
2-0: Ball
3-0: Called Strike
3-1: Base on Balls
Batting: RHB Phil Ford 0-0: Swinging Strike
0-1: Grounds into double play, 6-4-3 (Groundball, 6)
Top of the 9th over - 4 run(s), 2 hit(s), 0 error(s), 0 left on base; Pittsburgh 9 - Kentucky 1
BOTTOM OF THE 9TH
Kentucky Wildcats batting - Pitching for Pittsburgh Panthers : RHP Jesús Muros
Now in LF: Dalton Beck
Batting: LHB Matt Taylor 0-0: Called Strike
0-1: Called Strike
0-2: Ball
1-2: Ball
2-2: Ball
3-2: Fly out, F3 (Popup, 34S)
Batting: SHB Russ Beasley 0-0: Called Strike
0-1: Ball
1-1: Fly out, F7 (Line Drive, 7S)
Batting: SHB Steve Shaw 0-0: Fly out, F6 (Popup, 6D)
Bottom of the 9th over - 0 run(s), 0 hit(s), 0 error(s), 0 left on base; Pittsburgh 9 - Kentucky 1
Tuesday, August 8th, 2017 - OOTP Baseball 17.12 Build 75